 Dungeon Crawl Stone Soup version 0.28.0-49-g6dfe1f597d (webtiles) character file.

Game seed: 5780267622849763790

8 urmum the Conjurer (level 1, -1/14 HPs)
             Began as a Demigod Conjurer on May 11, 2022.
             Killed from afar by an orc wizard (7 damage)
             ... with a magic dart
             ... on level 3 of the Dungeon.
             The game lasted 00:12:54 (329 turns).

urmum the Conjurer (Demigod Conjurer)                Turns: 329, Time: 00:12:54

Health: -1/14      AC:  2    Str:  8    XL:     1   Next: 80%
Magic:  3/5        EV: 12    Int: 20    God:
Gold:   46         SH:  0    Dex: 12    Spells: 2/3 levels left

rFire   . . .      SeeInvis .   (no weapon)
rCold   . . .      Faith    .   (no shield)
rNeg    . . .      Spirit   .   a - +0 robe
rPois   .          Reflect  .   (no helmet)
rElec   .          Harm     .   (no cloak)
rCorr   .          Rampage  .   (no gloves)
Will    .....                   (no boots)
Stlth   +.........              (no amulet)
HPRegen 0.04/turn               (no ring)
MPRegen 0.09/turn               (no ring)

@: confused
A: high MP 1, forlorn, divine attributes
a: no special abilities


You were on level 3 of the Dungeon.
You visited 1 branch of the dungeon, and saw 3 of its levels.

You collected 46 gold pieces.

Inventory:

Missiles
 b - 19 stones
Armour
 a - a +0 robe (worn)
 d - a +1 leather armour of fire resistance
Scrolls
 c - a scroll of fear {unknown}


   Skills:
 + Level 1.8 Dodging
 + Level 1.9 Stealth
 + Level 1.8 Spellcasting
 + Level 3.9 Conjurations


You had 2 spell levels left.
You knew the following spells:

 Your Spells              Type           Power      Damage    Failure   Level
a - Magic Dart            Conj           68%        1d6       3%          1

Your spell library contained the following spells:

 Spells                   Type           Power      Damage    Failure   Level
 Searing Ray              Conj           34%        2d5       4%          2
 Dazzling Flash           Conj/Hex       18%        N/A       22%         3
 Fulminant Prism          Conj/Hex       4%         3d6       56%         4
 Iskenderun's Mystic Bla  Conj/Tloc      9%         2d4       56%         4


Dungeon Overview and Level Annotations

Branches:
Dungeon (3/15)


Innate Abilities, Weirdness & Mutations

You have an increased reservoir of magic. (+10% MP)
You shall have no god before yourself.
Your divine heritage dramatically boosts your attributes as you level up.


Message History

The orc shouts!
You bump into the rock wall.
The orc wizard casts a spell at you. You resist with significant effort.
You bump into the rock wall.
An orc wizard comes into view. It is wielding a +0 vampiric dagger.
You're too confused to cast spells.
The orc wizard shouts!
You bump into the rock wall.
An orc comes into view. It is wielding a +0 mace of protection.
You bump into the rock wall.
The orc completely misses you.
You bump into the rock wall.
You feel less confused. The orc misses you.
The orc wizard casts a spell at you. The puff of flame hits you!
Ouch! That really hurt!
Aiming: Magic Dart (safe; 3% risk of failure)
Press: ? - help, Q - select action, (/) - cycle Shift-Dir - straight line, f - orc
Aim: an orc, wielding a +0 club (100% to hit)
The magic dart hits the orc.
The orc is almost dead.
The orc barely misses you.
Aiming: Magic Dart (safe; 3% risk of failure)
Press: ? - help, Q - select action, (/) - cycle Shift-Dir - straight line, f/p - orc
Aim: an orc, wielding a +0 club (almost dead, 100% to hit)
The magic dart hits the orc.
You kill the orc!
The orc wizard points at you and mumbles some strange words.
You are confused.
You bump into the rock wall.
The orc wizard casts a spell at you. You resist with significant effort.
You're too confused to cast spells.
The orc wizard casts a spell at you.
You are more confused.
The orc wizard points at you and mumbles some strange words.
The magic dart hits you!
Ouch! That really hurt!
You die...

#
##......#.#.#
# #......#.#.#
# ##'#####.#.#
# #.# #.#.####
#####.#
###+#o.o.#
......#
#....o##o#
......#
#.....##.#
......#
#.....##.#
......#
#.....##@#
.....##
#....o##.....+
.....#
#.....########
.....# #####.#
###### #.# .#


You could see an orc wizard and an orc.

Vanquished Creatures
  An orc (D:3)
  2 hobgoblins (D:1)
  A quokka (D:1)
  A ball python (D:3)
  A frilled lizard (D:1)
  A rat (D:3)
7 creatures vanquished.

Notes
Turn   | Place    | Note
-------+----------+-------------------------------------------
     0 | D:1      | urmum the Demigod Conjurer began the quest for the Orb.
     0 | D:1      | Reached XP level 1. HP: 14/14 MP: 5/5
   307 | D:3      | Noticed an orc wizard
   316 | D:3      | Noticed an orc wizard
   329 | D:3      | Killed from afar by an orc wizard

Illustrated notes

Levels and vault maps discovered:
D:1:      evilmike_arrival_plus, layout_basic,
          shapermc_ecumenical_altar_mp_ritualfount, serial_shops,
          nicolae_shop_stone, shop, shop, shop, chequers_serial_rivers_micro_c,
          due_unseen_surprise
D:2:      layout_basic, kennysheep_doodads
D:3:      layout_basic, mainiacjoe_overflow_paths, nicolae_ru_awakened_eye,
          gammafunk_temple_overflow_statue, xom_confusion_cloud

Action                   || total
-------------------------++-------
 Cast: Magic Dart        ||    10
Dodge: Dodged            ||     3
